Cogmind - Beta 9.3 @@@ ROGUE MODE // 2019.12.16 @ 14:08:20 // Winter2019/RPGLIKE Player: Xii Result: Self-destructed Performance ------------- Evolutions (7) 3500 Regions Visited (28) 5600 Robots Destroyed (0) 0 Value Destroyed (170) 170 Prototype IDs (88) 1760 Alien Tech Used (1) 200 Bonus (12924) 12924 TOTAL SCORE: 24154 Bonus ------- Pacifist 4908 Follower Combat Kills 2716 Network Hubs Disabled 200 Met Data Miner 300 Met Imprinter 300 Met Warlord at Base 500 MAIN.C Attacked Warlord 500 Met R17 at Cetus 500 Found Hidden Lab 3000 Cogmind --------- Core Integrity 471/600 Matter 300/300 Energy 1700/1700 System Corruption 0% Temperature Cool (0) Movement Flying (19) Location -3/Lab Parts ------- > --- POWER (2) -------- Vortex Chain Reactor > --- PROPULSION (6) --- Improved Flight Unit Improved Flight Unit Improved Flight Unit Q-thruster Improved Diametric Drive Improved Diametric Drive > --- UTILITY (12) ----- Zionite Biocell Enhanced Optical Array Experimental Signal Interpreter Experimental Terrain Scanner Experimental Melee Analysis Suite Experimental Phase Shifter Thermal Barrier Advanced Force Field Experimental System Shield Experimental System Shield > --- WEAPON (3) ------- Enhanced Force Lance Enhanced Force Lance Enhanced Force Lance > --- INVENTORY (5) ---- Zionite Biocell (1000) Matter Compressor (250) Experimental Melee Analysis Suite Experimental Transmission Jammer Reaction Control System Peak State ------------ > --- POWER ------------ Vortex Chain Reactor > --- PROPULSION ------- Improved Flight Unit Improved Flight Unit Improved Flight Unit Q-thruster Improved Diametric Drive Improved Diametric Drive > --- UTILITY ---------- Zionite Biocell Enhanced Optical Array Experimental Signal Interpreter Experimental Terrain Scanner Experimental Melee Analysis Suite Experimental Phase Shifter Zionite Heavy Carapace Thermal Barrier Advanced Force Field Experimental System Shield Experimental System Shield > --- WEAPON ----------- Enhanced Force Lance Enhanced Force Lance Enhanced Force Lance > --- INVENTORY -------- Zionite Biocell Matter Compressor Experimental Melee Analysis Suite Experimental Transmission Jammer Reaction Control System [Rating: 168] Favorites ----------- Power Fission Core Engine Light Ion Engine Power Core Fission Core Reactor Vortex Chain Reactor Propulsion Improved Flight Unit Treads Light Treads Leg Aluminum Leg Flight Unit Improved Flight Unit Utility Enhanced Optical Array Device Experimental Terrain Scanner Storage Zionite Biocell Processor Enhanced Optical Array Hackware Experimental System Shield Protection Zionite Heavy Carapace Weapon Power Sword Energy Gun Advanced Variable Charge Gun Ballistic Gun Light Assault Rifle Slashing Weapon Power Sword Piercing Weapon Enhanced Force Lance Build | -11 -10 -9 -9 -8 -7 -7 -7 -7 -6 -6 -6 -6 -6 -6 -5 -5 -5 -5 -5 -5 -4 -4 -4 -4 -3 -3 -3 -3 ------- Run | Scr Mat Mat Sto Mat Fac Low Low Dat Pro Fac Low Low Zio Dee Pro Fac Ext Cet Arc Hub Fac Upp Upp War Pro Res Arm Lab Slots Evolved 18 | . . . 4 1 1 . 1 . . 2 . . . . . 2 1 1 . . 1 . . 2 . 1 1 . Power 1 | . . . . . . . . . . . . . . . . . . . . . . . . 1 . . . . Propulsion 5 | . . . 3 . . . . . . . . . . . . . . . . . . . . 1 . 1 . . Utility 11 | . . . 1 1 1 . 1 . . 2 . . . . . 2 1 1 . . 1 . . . . . . . Weapon 1 | . . . . . . . . . . . . . . . . . . . . . . . . . . . 1 . Parts Attached 88 | 1 . . 8 2 4 . 2 . 2 8 1 . 8 3 5 5 5 8 2 . 3 2 . 10 1 3 5 . Power 5 | . . . 2 . . . . . . 1 . . . . . 1 . . . . . . . 1 . . . . Engine 1 | . . . 1 . . . . . . . . . . . . . . . . . . . . . . . . . Core 3 | . . . 1 . . . . . . 1 . . . . . 1 . . . . . . . . . . . . Reactor 1 | . . . . . . . . . . . . . . . . . . . . . . . . 1 . . . . Propulsion 10 | 1 . . 4 . . . . . . . . . . . . . . . . . . . . 3 . 2 . . Treads 1 | 1 . . . . . . . . . . . . . . . . . . . . . . . . . . . . Leg . | . . . . . . . . . . . . . . . . . . . . . . . . . . . . . Wheel . | . . . . . . . . . . . . . . . . . . . . . . . . . . . . . Hover . | . . . . . . . . . . . . . . . . . . . . . . . . . . . . . Flight 9 | . . . 4 . . . . . . . . . . . . . . . . . . . . 3 . 2 . . Utility 57 | . . . 2 1 3 . 2 . 1 6 1 . 8 3 3 4 3 4 2 . 3 2 . 5 1 1 2 . Device 27 | . . . . . . . 1 . . 4 1 . 5 . 2 1 1 3 . . 2 1 . 3 1 1 1 . Storage 6 | . . . . . . . . . . . . . . . 1 1 1 . 2 . 1 . . . . . . . Processor 5 | . . . 1 . 2 . . . . . . . . . . 1 . . . . . . . . . . 1 . Hackware 3 | . . . . . . . . . . . . . 1 . . 1 . . . . . . . 1 . . . . Protection 16 | . . . 1 1 1 . 1 . 1 2 . . 2 3 . . 1 1 . . . 1 . 1 . . . . Artifact . | . . . . . . . . . . . . . . . . . . . . . . . . . . . . . Weapon 16 | . . . . 1 1 . . . 1 1 . . . . 2 . 2 4 . . . . . 1 . . 3 . Energy Gun 2 | . . . . . . . . . . . . . . . . . . 1 . . . . . 1 . . . . Energy Cannon . | . . . . . . . . . . . . . . . . . . . . . . . . . . . . . Ballistic Gun 2 | . . . . 1 . . . . . . . . . . . . . 1 . . . . . . . . . . Ballistic Cannon . | . . . . . . . . . . . . . . . . . . . . . . . . . . . . . Launcher . | . . . . . . . . . . . . . . . . . . . . . . . . . . . . . Special Weapon . | . . . . . . . . . . . . . . . . . . . . . . . . . . . . . Impact Weapon . | . . . . . . . . . . . . . . . . . . . . . . . . . . . . . Slashing Weapon 9 | . . . . . 1 . . . 1 1 . . . . 2 . 2 2 . . . . . . . . . . Piercing Weapon 3 | . . . . . . . . . . . . . . . . . . . . . . . . . . . 3 . Special Melee Weapon . | . . . . . . . . . . . . . . . . . . . . . . . . . . . . . Unidentified Prototypes 15 | . . . 1 . . . 1 . . . . . . 2 1 . . 3 1 . . 1 . 5 . . . . Parts Lost . | . . . . . . . . . . . . . . . . . . . . . . . . . . . . . Power . | . . . . . . . . . . . . . . . . . . . . . . . . . . . . . Propulsion . | . . . . . . . . . . . . . . . . . . . . . . . . . . . . . Utility . | . . . . . . . . . . . . . . . . . . . . . . . . . . . . . Weapon . | . . . . . . . . . . . . . . . . . . . . . . . . . . . . . Highest Loss Streak . | . . . . . . . . . . . . . . . . . . . . . . . . . . . . . Average Slot Usage (%) 88 | . 50 50 84 83 88 90 88 81 83 87 92 92 86 88 92 88 93 93 94 94 94 91 89 89 90 90 90 86 Engine 1 | . 25 25 7 . . . . . . . . . . . . . . . . . . . . . . . . . Core 6 | . . . 6 11 11 10 9 9 9 8 7 7 7 7 7 6 6 5 5 5 5 5 5 3 . . . . Flight 30 | . . . 43 47 44 40 39 36 36 35 30 30 30 30 30 26 25 23 23 23 22 21 21 21 23 26 26 26 Device 13 | . . . . . . . . . . 7 23 23 17 8 14 13 14 22 23 23 26 25 21 22 23 22 21 17 Storage 2 | . . . . . . . . . . . . . . . . 1 4 5 5 5 6 10 10 8 4 4 4 4 Processor 13 | . . . 13 11 11 20 19 18 18 17 15 15 15 15 15 13 12 11 11 11 11 10 10 9 9 9 9 13 Hackware 5 | . . . . . . . . . . . . . 2 7 7 11 12 11 11 11 9 5 5 5 9 9 8 8 Protection 7 | . . . 8 11 11 10 9 9 11 9 7 7 4 10 7 6 6 5 5 5 5 5 10 8 4 4 4 . Slashing Weapon 5 | . . . . . 9 10 9 9 9 8 7 7 7 7 7 6 6 5 5 5 5 5 5 4 4 4 2 . Naked Turns . | . . . . . . . . . . . . . . . . . . . . . . . . . . . . . Heaviest Build 90 | 3 3 3 12 21 27 27 27 27 31 37 38 38 38 36 29 34 37 40 38 38 42 43 43 66 67 75 90 87 Greatest Support 92 | 3 3 3 24 24 29 29 29 29 34 39 39 39 39 39 39 39 39 44 44 44 44 44 44 66 71 82 87 92 Greatest Overweight (x) 1 | . . . . . . . . . . . . . 1 . . . 1 . . . . . . . . . 1 . Average Overweight (x) . | . . . . . . . . . . . . . . . . . . . . . . . . . . . . . Largest Inventory Capacity 5 | . . . . 1 1 1 3 3 3 4 5 5 5 5 5 5 5 5 5 5 5 5 5 5 5 5 5 5 Average Capacity 3 | . . . . . 1 1 1 3 3 3 4 5 5 5 5 5 5 5 5 5 5 5 5 5 5 5 5 5 Most Carried 5 | . . . . 1 1 1 3 3 3 4 5 5 5 5 5 5 5 5 5 5 5 5 5 5 5 5 5 5 Average Carried 3 | . . . . . 1 1 1 3 3 3 4 5 3 4 4 4 4 4 5 5 4 4 5 4 5 4 5 5 Final Capacity 5 | . . . . 1 1 1 3 3 3 4 5 5 5 5 5 5 5 5 5 5 5 5 5 5 5 5 5 5 Final Carried 5 | . . . . 1 1 1 3 3 3 4 5 5 5 5 5 5 4 5 5 5 5 5 5 5 5 5 5 5 Class Distribution -------------------- 48% | Scout 13% | Hacker-Ninja 7% | Sprinter 5% | Ninja 5% | Hacker-Scout 5% | Commander-Scout 4% | Commander-Ninja 3% | Hacker-Assassin 3% | Mutant Dominant Class ---------------- Mutant | -10/Materials Mutant | -9/Materials Sprinter | -9/Storage Scout | -8/Materials Scout | -7/Factory Scout | -7/Lower Caves Scout | -7/Lower Caves Scout | -7/Data Miner Scout | -6/Proximity Caves Scout | -6/Factory Scout | -6/Lower Caves Scout | -6/Lower Caves Scout | -6/Zion Scout | -6/Deep Caves Scout | -5/Proximity Caves Hacker-Scout | -5/Factory Commander-Scout | -5/Extension Commander-Ninja | -5/Cetus Hacker-Ninja | -5/Archives Hacker-Ninja | -5/Hub_04(d) Hacker-Ninja | -4/Factory Ninja | -4/Upper Caves Ninja | -4/Upper Caves Ninja | -4/Warlord Hacker-Ninja | -3/Proximity Caves Hacker-Ninja | -3/Research Hacker-Ninja | -3/Armory Hacker-Scout | -3/Lab Resources | -11 -10 -9 -9 -8 -7 -7 -7 -7 -6 -6 -6 -6 -6 -6 -5 -5 -5 -5 -5 -5 -4 -4 -4 -4 -3 -3 -3 -3 ----------- Run | Scr Mat Mat Sto Mat Fac Low Low Dat Pro Fac Low Low Zio Dee Pro Fac Ext Cet Arc Hub Fac Upp Upp War Pro Res Arm Lab Matter Collected 1984 | 210 . . 80 . . 46 10 . 26 75 279 7 378 . 131 40 300 90 20 . 8 94 . 100 10 . 80 . Remotely . | . . . . . . . . . . . . . . . . . . . . . . . . . . . . . Salvage Created . | . . . . . . . . . . . . . . . . . . . . . . . . . . . . . Parts . | . . . . . . . . . . . . . . . . . . . . . . . . . . . . . Haulers Intercepted . | . . . . . . . . . . . . . . . . . . . . . . . . . . . . . Recyclers Shooed . | . . . . . . . . . . . . . . . . . . . . . . . . . . . . . Parts Field Recycled . | . . . . . . . . . . . . . . . . . . . . . . . . . . . . . Retrieved Matter . | . . . . . . . . . . . . . . . . . . . . . . . . . . . . . Parts Self-Destructed 17 | . . . . . . . 6 . 5 . 6 . . . . . . . . . . . . . . . . . Prevented 17 | . . . . . . . . . . . . . . . . . . . . . . . . 17 . . . . Kills | -11 -10 -9 -9 -8 -7 -7 -7 -7 -6 -6 -6 -6 -6 -6 -5 -5 -5 -5 -5 -5 -4 -4 -4 -4 -3 -3 -3 -3 ------- Run | Scr Mat Mat Sto Mat Fac Low Low Dat Pro Fac Low Low Zio Dee Pro Fac Ext Cet Arc Hub Fac Upp Upp War Pro Res Arm Lab Combat Hostiles Destroyed . | . . . . . . . . . . . . . . . . . . . . . . . . . . . . . Classes Destroyed . | . . . . . . . . . . . . . . . . . . . . . . . . . . . . . Best Kill Streak . | . . . . . . . . . . . . . . . . . . . . . . . . . . . . . Combat Bots Only . | . . . . . . . . . . . . . . . . . . . . . . . . . . . . . Max Kills in Single Turn . | . . . . . . . . . . . . . . . . . . . . . . . . . . . . . Gunslinging . | . . . . . . . . . . . . . . . . . . . . . . . . . . . . . Exploded . | . . . . . . . . . . . . . . . . . . . . . . . . . . . . . Melee . | . . . . . . . . . . . . . . . . . . . . . . . . . . . . . Uniques/NPCs Destroyed . | . . . . . . . . . . . . . . . . . . . . . . . . . . . . . Combat | -11 -10 -9 -9 -8 -7 -7 -7 -7 -6 -6 -6 -6 -6 -6 -5 -5 -5 -5 -5 -5 -4 -4 -4 -4 -3 -3 -3 -3 -------- Run | Scr Mat Mat Sto Mat Fac Low Low Dat Pro Fac Low Low Zio Dee Pro Fac Ext Cet Arc Hub Fac Upp Upp War Pro Res Arm Lab Damage Taken 1523 | . . 129 213 32 . . . . . 52 6 . . 470 25 . 252 137 . 24 . . 22 . . . 161 . Core 1246 | . . 120 189 29 . . . . . 41 4 . . 373 19 . 202 105 . 19 . . 16 . . . 129 . Absorbed by Shields 759 | . . . . . . . . . . 56 7 . . 33 28 . 268 142 . 26 . . 23 . . . 176 . Redirected to Core 959 | . . 33 73 12 . . . . . 37 4 . . 355 19 . 179 105 . 19 . . 16 . . . 107 . Core Remaining (%) 84 | 100 100 . 90 85 . . . . 85 . . . . . 22 . . . . 96 . . . . 100 . . . Volleys Fired . | . . . . . . . . . . . . . . . . . . . . . . . . . . . . . Largest . | . . . . . . . . . . . . . . . . . . . . . . . . . . . . . Hottest . | . . . . . . . . . . . . . . . . . . . . . . . . . . . . . Shots Fired . | . . . . . . . . . . . . . . . . . . . . . . . . . . . . . Gun . | . . . . . . . . . . . . . . . . . . . . . . . . . . . . . Cannon . | . . . . . . . . . . . . . . . . . . . . . . . . . . . . . Launcher . | . . . . . . . . . . . . . . . . . . . . . . . . . . . . . Special . | . . . . . . . . . . . . . . . . . . . . . . . . . . . . . Kinetic . | . . . . . . . . . . . . . . . . . . . . . . . . . . . . . Thermal . | . . . . . . . . . . . . . . . . . . . . . . . . . . . . . Explosive . | . . . . . . . . . . . . . . . . . . . . . . . . . . . . . Electromagnetic . | . . . . . . . . . . . . . . . . . . . . . . . . . . . . . Robot Hit Streak . | . . . . . . . . . . . . . . . . . . . . . . . . . . . . . Robot Miss Streak . | . . . . . . . . . . . . . . . . . . . . . . . . . . . . . Penetration Max . | . . . . . . . . . . . . . . . . . . . . . . . . . . . . . Secondary Targets . | . . . . . . . . . . . . . . . . . . . . . . . . . . . . . Shots Hit Robots . | . . . . . . . . . . . . . . . . . . . . . . . . . . . . . Core Hits . | . . . . . . . . . . . . . . . . . . . . . . . . . . . . . Critical Hits . | . . . . . . . . . . . . . . . . . . . . . . . . . . . . . Critical Kills . | . . . . . . . . . . . . . . . . . . . . . . . . . . . . . Critical Parts Destroyed . | . . . . . . . . . . . . . . . . . . . . . . . . . . . . . Melee Attacks 215 | . . . . . 3 11 16 . 14 29 15 5 . 8 12 19 18 . . 2 16 6 1 5 . 5 27 3 Impact . | . . . . . . . . . . . . . . . . . . . . . . . . . . . . . Slashing 208 | . . . . . 3 11 16 . 14 29 15 5 . 8 12 19 18 . . 2 16 6 1 5 . 5 23 . Piercing 7 | . . . . . . . . . . . . . . . . . . . . . . . . . . . 4 3 Sneak Attacks . | . . . . . . . . . . . . . . . . . . . . . . . . . . . . . Combat Hostiles . | . . . . . . . . . . . . . . . . . . . . . . . . . . . . . Follow-up Attacks . | . . . . . . . . . . . . . . . . . . . . . . . . . . . . . Damage Inflicted . | . . . . . . . . . . . . . . . . . . . . . . . . . . . . . Guns . | . . . . . . . . . . . . . . . . . . . . . . . . . . . . . Cannons . | . . . . . . . . . . . . . . . . . . . . . . . . . . . . . Explosions . | . . . . . . . . . . . . . . . . . . . . . . . . . . . . . Melee . | . . . . . . . . . . . . . . . . . . . . . . . . . . . . . Ramming . | . . . . . . . . . . . . . . . . . . . . . . . . . . . . . Kinetic . | . . . . . . . . . . . . . . . . . . . . . . . . . . . . . Thermal . | . . . . . . . . . . . . . . . . . . . . . . . . . . . . . Explosive . | . . . . . . . . . . . . . . . . . . . . . . . . . . . . . Electromagnetic . | . . . . . . . . . . . . . . . . . . . . . . . . . . . . . Impact . | . . . . . . . . . . . . . . . . . . . . . . . . . . . . . Slashing . | . . . . . . . . . . . . . . . . . . . . . . . . . . . . . Piercing . | . . . . . . . . . . . . . . . . . . . . . . . . . . . . . Highest Corruption 2 | . . . 1 . . . . . . 2 2 2 2 . . . . . . . . . . . . . . . Average Corruption 1 | . . . 1 . . . . . . 2 2 2 2 . . . . . . . . . . . . . . . Corruption Purged . | . . . . . . . . . . . . . . . . . . . . . . . . . . . . . Effects 5 | . . . . . . . . . . 1 2 2 . . . . . . . . . . . . . . . . Message Errors 2 | . . . . . . . . . . . 1 1 . . . . . . . . . . . . . . . . Heat Flow Errors 1 | . . . . . . . . . . 1 . . . . . . . . . . . . . . . . . . Data Loss (minor) 1 | . . . . . . . . . . . . 1 . . . . . . . . . . . . . . . . Targeting Errors 1 | . . . . . . . . . . . 1 . . . . . . . . . . . . . . . . . Overload Shots . | . . . . . . . . . . . . . . . . . . . . . . . . . . . . . Overflow Damage . | . . . . . . . . . . . . . . . . . . . . . . . . . . . . . Projectiles . | . . . . . . . . . . . . . . . . . . . . . . . . . . . . . Explosions . | . . . . . . . . . . . . . . . . . . . . . . . . . . . . . Melee . | . . . . . . . . . . . . . . . . . . . . . . . . . . . . . Knockbacks . | . . . . . . . . . . . . . . . . . . . . . . . . . . . . . Impact . | . . . . . . . . . . . . . . . . . . . . . . . . . . . . . Kinetic . | . . . . . . . . . . . . . . . . . . . . . . . . . . . . . Secondary . | . . . . . . . . . . . . . . . . . . . . . . . . . . . . . Self-Inflicted Damage . | . . . . . . . . . . . . . . . . . . . . . . . . . . . . . Shots . | . . . . . . . . . . . . . . . . . . . . . . . . . . . . . Rammed . | . . . . . . . . . . . . . . . . . . . . . . . . . . . . . Targets Rammed . | . . . . . . . . . . . . . . . . . . . . . . . . . . . . . Kicked . | . . . . . . . . . . . . . . . . . . . . . . . . . . . . . Crushed . | . . . . . . . . . . . . . . . . . . . . . . . . . . . . . Highest Temperature 279 | . . . 8 17 . . . . . 279 . . . 1 . . . . . . . . . . . 14 13 . Average Temperature 12 | . . . 3 9 . . . . . 272 . . . 1 . . . . . . . . . . . 6 6 . Received Heat Transfer 385 | . . 36 72 18 . . . . . 14 . . . 125 12 . 64 16 . . . . 4 . . . 24 . Siege Activations . | . . . . . . . . . . . . . . . . . . . . . . . . . . . . . Robots Corrupted . | . . . . . . . . . . . . . . . . . . . . . . . . . . . . . Combat Hostiles . | . . . . . . . . . . . . . . . . . . . . . . . . . . . . . Parts Fried . | . . . . . . . . . . . . . . . . . . . . . . . . . . . . . Impact Corruptions . | . . . . . . . . . . . . . . . . . . . . . . . . . . . . . Robots Melted . | . . . . . . . . . . . . . . . . . . . . . . . . . . . . . Combat Hostiles . | . . . . . . . . . . . . . . . . . . . . . . . . . . . . . Parts Melted . | . . . . . . . . . . . . . . . . . . . . . . . . . . . . . Heat Transferred . | . . . . . . . . . . . . . . . . . . . . . . . . . . . . . Parts Sabotaged . | . . . . . . . . . . . . . . . . . . . . . . . . . . . . . Parts Stolen . | . . . . . . . . . . . . . . . . . . . . . . . . . . . . . Parts Stripped . | . . . . . . . . . . . . . . . . . . . . . . . . . . . . . Power Chain Reactions . | . . . . . . . . . . . . . . . . . . . . . . . . . . . . . Missiles Intercepted . | . . . . . . . . . . . . . . . . . . . . . . . . . . . . . Alert | -11 -10 -9 -9 -8 -7 -7 -7 -7 -6 -6 -6 -6 -6 -6 -5 -5 -5 -5 -5 -5 -4 -4 -4 -4 -3 -3 -3 -3 ------- Run | Scr Mat Mat Sto Mat Fac Low Low Dat Pro Fac Low Low Zio Dee Pro Fac Ext Cet Arc Hub Fac Upp Upp War Pro Res Arm Lab Peak Influence 791 | . . 27 791 280 179 . . . . 518 . . . . . 69 299 419 305 560 295 . . . . 34 142 . Average Influence 179 | . . 6 413 253 132 . . . . 183 . . . . . 32 103 216 270 311 207 . . . . 21 73 . Maximum Alert Level 3 | . . . 3 1 . . . . . 2 . . . . . . 1 2 1 2 1 . . . . . . . Low Security (%) 70 | 100 100 100 35 . 100 . . . . 66 . . . . . 100 85 55 9 38 55 . . . . 100 100 . Level 1 15 | . . . 9 100 . . . . . 11 . . . . . . 14 26 90 28 45 . . . . . . . Level 2 10 | . . . 30 . . . . . . 21 . . . . . . . 17 . 32 . . . . . . . . Level 3 3 | . . . 24 . . . . . . . . . . . . . . . . . . . . . . . . . Level 4 . | . . . . . . . . . . . . . . . . . . . . . . . . . . . . . Level 5 . | . . . . . . . . . . . . . . . . . . . . . . . . . . . . . High Security . | . . . . . . . . . . . . . . . . . . . . . . . . . . . . . Max Security . | . . . . . . . . . . . . . . . . . . . . . . . . . . . . . Squads Dispatched 22 | . . . 12 1 . . . . . 3 . . . . . . 3 . . 1 . . . . . . 2 . Investigation 9 | . . . 7 . . . . . . 1 . . . . . . 1 . . . . . . . . . . . Extermination 1 | . . . . . . . . . . 1 . . . . . . . . . . . . . . . . . . Reinforcement 11 | . . . 4 1 . . . . . 1 . . . . . . 2 . . 1 . . . . . . 2 . Assault . | . . . . . . . . . . . . . . . . . . . . . . . . . . . . . Garrison 1 | . . . 1 . . . . . . . . . . . . . . . . . . . . . . . . . Intercept . | . . . . . . . . . . . . . . . . . . . . . . . . . . . . . Construction Impeded . | . . . . . . . . . . . . . . . . . . . . . . . . . . . . . Haulers Reinforced . | . . . . . . . . . . . . . . . . . . . . . . . . . . . . . Stealth | -11 -10 -9 -9 -8 -7 -7 -7 -7 -6 -6 -6 -6 -6 -6 -5 -5 -5 -5 -5 -5 -4 -4 -4 -4 -3 -3 -3 -3 --------- Run | Scr Mat Mat Sto Mat Fac Low Low Dat Pro Fac Low Low Zio Dee Pro Fac Ext Cet Arc Hub Fac Upp Upp War Pro Res Arm Lab Distress Signals 6 | . . . 2 . . . . . . 1 . . . . . 1 1 . . 1 . . . . . . . . Communications Jammed 28 | . . . . . . . . . . . . . . . . . . 14 . 2 . . . . . . 12 . Distress Signals 28 | . . . . . . . . . . . . . . . . . . 14 . 2 . . . . . . 12 . Times Spotted 173 | . . 2 52 6 4 . . . . 14 6 . . 9 3 2 25 7 2 3 2 1 1 1 1 2 30 . Peak Tracking Total 26 | . . 2 7 5 3 . . . . 7 3 . . 9 3 2 6 4 1 3 1 1 1 1 1 2 26 . Tactical Retreats 14 | . . . 4 . . . . . . 2 1 . . . . . 3 1 . . . 1 . 1 . . 1 . Traps | -11 -10 -9 -9 -8 -7 -7 -7 -7 -6 -6 -6 -6 -6 -6 -5 -5 -5 -5 -5 -5 -4 -4 -4 -4 -3 -3 -3 -3 ------- Run | Scr Mat Mat Sto Mat Fac Low Low Dat Pro Fac Low Low Zio Dee Pro Fac Ext Cet Arc Hub Fac Upp Upp War Pro Res Arm Lab Traps Triggered 4 | . . . . . . . . . . 1 . . . . . . 1 . . . . . . . . 1 1 . Indirectly . | . . . . . . . . . . . . . . . . . . . . . . . . . . . . . Trap Hack Attempts . | . . . . . . . . . . . . . . . . . . . . . . . . . . . . . Triggered . | . . . . . . . . . . . . . . . . . . . . . . . . . . . . . Disarmed 5 | . . . . . . . . . . . . . . . . . 5 . . . . . . . . . . . Reprogrammed . | . . . . . . . . . . . . . . . . . . . . . . . . . . . . . Reused . | . . . . . . . . . . . . . . . . . . . . . . . . . . . . . Traps Extracted . | . . . . . . . . . . . . . . . . . . . . . . . . . . . . . Installed . | . . . . . . . . . . . . . . . . . . . . . . . . . . . . . Triggered 1 | . . . . . . . . . . . . . . . 1 . . . . . . . . . . . . . Machines | -11 -10 -9 -9 -8 -7 -7 -7 -7 -6 -6 -6 -6 -6 -6 -5 -5 -5 -5 -5 -5 -4 -4 -4 -4 -3 -3 -3 -3 ---------- Run | Scr Mat Mat Sto Mat Fac Low Low Dat Pro Fac Low Low Zio Dee Pro Fac Ext Cet Arc Hub Fac Upp Upp War Pro Res Arm Lab Machines Disabled 19 | . . . 2 . . . . . . . . . . . . . 2 1 2 10 . . . . . . 1 1 Max in Single Turn 1 | . . . . . . . . . . . . . . . . . . . . . . . . . . . 1 1 Garrison Access 4 | . . . . . . . . . . 1 . . . . . 1 . . . . 2 . . . . . . . Network Hub 1 | . . . . . . . . . . . . . . . . . . . . 1 . . . . . . . . Machines Sabotaged . | . . . . . . . . . . . . . . . . . . . . . . . . . . . . . Garrisons Compromised . | . . . . . . . . . . . . . . . . . . . . . . . . . . . . . Overloaded Fab Kills . | . . . . . . . . . . . . . . . . . . . . . . . . . . . . . Fab Network Shutdowns 1 | . . . . . . . . . . 1 . . . . . . . . . . . . . . . . . . Hacking | -11 -10 -9 -9 -8 -7 -7 -7 -7 -6 -6 -6 -6 -6 -6 -5 -5 -5 -5 -5 -5 -4 -4 -4 -4 -3 -3 -3 -3 --------- Run | Scr Mat Mat Sto Mat Fac Low Low Dat Pro Fac Low Low Zio Dee Pro Fac Ext Cet Arc Hub Fac Upp Upp War Pro Res Arm Lab Machines Accessed 91 | . . 2 10 3 4 . 1 4 . 9 2 1 . . . 7 12 4 1 2 8 1 1 14 . 2 3 . Terminals 48 | . . 2 8 3 3 . . . . 4 . . . . . 3 11 4 . 2 4 . . . . 2 2 . Fabricators 4 | . . . . . . . . . . 3 . . . . . 1 . . . . . . . . . . . . Repair Stations . | . . . . . . . . . . . . . . . . . . . . . . . . . . . . . Recycling Units 9 | . . . 2 . 1 . . . . 1 . . . . . 1 1 . . . 2 . . . . . 1 . Scanalyzers 1 | . . . . . . . . . . . . . . . . 1 . . . . . . . . . . . . Garrison Access 4 | . . . . . . . . . . 1 . . . . . 1 . . . . 2 . . . . . . . Total Hacks 391 | . . 8 36 10 19 . 1 29 . 31 7 1 . . . 27 59 13 25 13 44 1 1 35 . 8 23 . Successful 250 | . . 4 17 5 14 . 1 29 . 17 7 1 . . . 14 30 6 25 7 22 1 1 35 . 4 10 . Failed 140 | . . 4 19 5 5 . . . . 14 . . . . . 13 28 7 . 6 22 . . . . 4 13 . Catastrophic 22 | . . . 4 . 1 . . . . 1 . . . . . . 5 3 . 1 4 . . . . . 3 . Database Lockouts 2 | . . . . . . . . . . . . . . . . . 2 . . . . . . . . . . . Manual 189 | . . 8 24 9 11 . . . . 11 . . 4 . . 17 43 6 . 4 28 . . 1 . 6 17 . Terminals 253 | . . 8 33 10 16 . . . . 18 . . . . . 18 58 13 . 13 38 . . . . 8 20 . Fabricators 12 | . . . . . . . . . . 9 . . . . . 3 . . . . . . . . . . . . Repair Stations . | . . . . . . . . . . . . . . . . . . . . . . . . . . . . . Recycling Units 17 | . . . 3 . 3 . . . . 3 . . . . . 1 1 . . . 3 . . . . . 3 . Scanalyzers 3 | . . . . . . . . . . . . . . . . 3 . . . . . . . . . . . . Garrison Access 6 | . . . . . . . . . . 1 . . . . . 2 . . . . 3 . . . . . . . Terminal Hacks 175 | . . 4 9 1 6 . 1 29 . 6 7 1 . . . 3 19 2 25 4 13 1 1 35 . 2 6 . Record 64 | . . . . . . . . 11 . . 6 . . . . . 1 1 25 . . . . 20 . . . . Part Schematic 9 | . . . . . . . . 8 . . . . . . . . 1 . . . . . . . . . . . Robot Schematic 7 | . . . . . . . . 7 . . . . . . . . . . . . . . . . . . . . Robot Analysis 1 | . . . . . . . . . . . . . . . . . 1 . . . . . . . . . . . Prototype ID Bank 43 | . . 4 2 1 2 . . 3 . 2 . . . . . . 5 . . . 5 . . 14 . 1 4 . Open Door 8 | . . . 2 . . . 1 . . . 1 1 . . . . . . . . . 1 1 1 . . . . Level Access Points 2 | . . . 1 . . . . . . . . . . . . . . . . 1 . . . . . . . . Branch Access Points 5 | . . . . . 1 . . . . 1 . . . . . 1 . . . 1 1 . . . . . . . Terminal Index 2 | . . . . . 1 . . . . 1 . . . . . . . . . . . . . . . . . . Alert Level 5 | . . . . . . . . . . . . . . . . . 2 . . . 3 . . . . . . . Unreport Threat 12 | . . . 3 . 1 . . . . . . . . . . 1 3 1 . . 1 . . . . 1 1 . Locate Traps 6 | . . . 1 . . . . . . 1 . . . . . . 1 . . 1 1 . . . . . 1 . Disarm Traps 2 | . . . . . . . . . . . . . . . . . 2 . . . . . . . . . . . Recall Investigation 1 | . . . . . . . . . . . . . . . . . 1 . . . . . . . . . . . Recall Reinforcements 1 | . . . . . . . . . . . . . . . . . 1 . . . . . . . . . . . Registered Components 5 | . . . . . 1 . . . . 1 . . . . . 1 1 . . . 1 . . . . . . . Registered Prototypes 1 | . . . . . . . . . . . . . . . . . . . . . 1 . . . . . . . Zone Layout 1 | . . . . . . . . . . . . . . . . . . . . 1 . . . . . . . . Fabricator Hacks 6 | . . . . . . . . . . 4 . . . . . 2 . . . . . . . . . . . . Load Schematic 4 | . . . . . . . . . . 3 . . . . . 1 . . . . . . . . . . . . Build 2 | . . . . . . . . . . 1 . . . . . 1 . . . . . . . . . . . . Repair Station Hacks . | . . . . . . . . . . . . . . . . . . . . . . . . . . . . . Recycling Unit Hacks 13 | . . . 2 . 3 . . . . 2 . . . . . 1 1 . . . 3 . . . . . 1 . Process 2 | . . . . . 1 . . . . 1 . . . . . . . . . . . . . . . . . . Report Inventory 8 | . . . 2 . 1 . . . . 1 . . . . . 1 1 . . . 2 . . . . . . . Retrieve Matter 1 | . . . . . 1 . . . . . . . . . . . . . . . . . . . . . . . Retrieve Components 2 | . . . . . . . . . . . . . . . . . . . . . 1 . . . . . 1 . Scanalyzer 2 | . . . . . . . . . . . . . . . . 2 . . . . . . . . . . . . Insert Component 2 | . . . . . . . . . . . . . . . . 2 . . . . . . . . . . . . Garrison Access Hacks 4 | . . . . . . . . . . 1 . . . . . 1 . . . . 2 . . . . . . . Seal Access 4 | . . . . . . . . . . 1 . . . . . 1 . . . . 2 . . . . . . . Unauthorized Hacks 136 | . . . 13 13 11 . . . . 13 . . . . . 15 25 8 . 6 18 . . . . 5 9 . Terminals 48 | . . . 5 4 5 . . . . 4 . . . . . 4 10 4 . 3 4 . . . . 2 3 . Track 6 | . . . 2 1 1 . . . . 1 . . . . . . . . . 1 . . . . . . . . Assimilate 4 | . . . . 1 1 . . . . . . . . . . 1 . . . . 1 . . . . . . . Botnet 29 | . . . 3 1 2 . . . . 2 . . . . . 2 7 3 . 2 3 . . . . 2 2 . Disrupt 4 | . . . . . . . . . . . . . . . . . 3 1 . . . . . . . . . . Operators 5 | . . . . 1 1 . . . . 1 . . . . . 1 . . . . . . . . . . 1 . Fabricators 1 | . . . . . . . . . . . . . . . . 1 . . . . . . . . . . . . Prioritize 1 | . . . . . . . . . . . . . . . . 1 . . . . . . . . . . . . Repair Stations . | . . . . . . . . . . . . . . . . . . . . . . . . . . . . . Recycling Units 1 | . . . 1 . . . . . . . . . . . . . . . . . . . . . . . . . Tunnel 1 | . . . 1 . . . . . . . . . . . . . . . . . . . . . . . . . Scanalyzers . | . . . . . . . . . . . . . . . . . . . . . . . . . . . . . Garrison Access . | . . . . . . . . . . . . . . . . . . . . . . . . . . . . . Data Cores Recovered . | . . . . . . . . . . . . . . . . . . . . . . . . . . . . . Used . | . . . . . . . . . . . . . . . . . . . . . . . . . . . . . Hacking Detections 51 | . . 2 9 3 3 . . . . 8 . . . . . 6 9 3 . . 4 . . . . 2 2 . Full Trace Events 8 | . . . 7 . . . . . . 1 . . . . . . . . . . . . . . . . . . Feedback Events 1 | . . . 1 . . . . . . . . . . . . . . . . . . . . . . . . . Corruption 1 | . . . 1 . . . . . . . . . . . . . . . . . . . . . . . . . Feedback Blocked . | . . . . . . . . . . . . . . . . . . . . . . . . . . . . . Robot Schematics Acquired 7 | . . . . . . . . 7 . . . . . . . . . . . . . . . . . . . . Robots Built . | . . . . . . . . . . . . . . . . . . . . . . . . . . . . . Matter . | . . . . . . . . . . . . . . . . . . . . . . . . . . . . . Time . | . . . . . . . . . . . . . . . . . . . . . . . . . . . . . Total Robot Build Rating . | . . . . . . . . . . . . . . . . . . . . . . . . . . . . . Part Schematics Acquired 9 | . . . . . . . . 8 . . . . . . . . 1 . . . . . . . . . . . Parts Built 2 | . . . . . . . . . . 1 . . . . . 1 . . . . . . . . . . . . Matter 669 | . . . . . . . . . . 285 . . . . . 384 . . . . . . . . . . . . Time 254 | . . . . . . . . . . 152 . . . . . 102 . . . . . . . . . . . . Total Part Build Rating 13 | . . . . . . . . . . 5 . . . . . 8 . . . . . . . . . . . . Parts Repaired . | . . . . . . . . . . . . . . . . . . . . . . . . . . . . . Time . | . . . . . . . . . . . . . . . . . . . . . . . . . . . . . Parts Recycled . | . . . . . . . . . . . . . . . . . . . . . . . . . . . . . Recycled Matter 140 | . . . . . 8 . . . . 132 . . . . . . . . . . . . . . . . . . Retrieved Matter 8 | . . . . . 8 . . . . . . . . . . . . . . . . . . . . . . . Retrieved Components 4 | . . . . . . . . . . . . . . . . . . . . . 3 . . . . . 1 . Parts Scanalyzed 1 | . . . . . . . . . . . . . . . . 1 . . . . . . . . . . . . Part Schematics Acquired . | . . . . . . . . . . . . . . . . . . . . . . . . . . . . . Parts Damaged . | . . . . . . . . . . . . . . . . . . . . . . . . . . . . . Bothacking | -11 -10 -9 -9 -8 -7 -7 -7 -7 -6 -6 -6 -6 -6 -6 -5 -5 -5 -5 -5 -5 -4 -4 -4 -4 -3 -3 -3 -3 ------------ Run | Scr Mat Mat Sto Mat Fac Low Low Dat Pro Fac Low Low Zio Dee Pro Fac Ext Cet Arc Hub Fac Upp Upp War Pro Res Arm Lab Used RIF Installer . | . . . . . . . . . . . . . . . . . . . . . . . . . . . . . Robots Hacked . | . . . . . . . . . . . . . . . . . . . . . . . . . . . . . Non-combat . | . . . . . . . . . . . . . . . . . . . . . . . . . . . . . Combat . | . . . . . . . . . . . . . . . . . . . . . . . . . . . . . Robot Hacks Applied . | . . . . . . . . . . . . . . . . . . . . . . . . . . . . . Relay Couplers Released . | . . . . . . . . . . . . . . . . . . . . . . . . . . . . . Robots Rewired 22 | . . . . . . . . . . . . . . . 2 . 18 . . . . . . . . . 2 . Allies Hacked . | . . . . . . . . . . . . . . . . . . . . . . . . . . . . . Hacks Repelled . | . . . . . . . . . . . . . . . . . . . . . . . . . . . . . Allies | -11 -10 -9 -9 -8 -7 -7 -7 -7 -6 -6 -6 -6 -6 -6 -5 -5 -5 -5 -5 -5 -4 -4 -4 -4 -3 -3 -3 -3 -------- Run | Scr Mat Mat Sto Mat Fac Low Low Dat Pro Fac Low Low Zio Dee Pro Fac Ext Cet Arc Hub Fac Upp Upp War Pro Res Arm Lab Total Allies 41 | . . . 1 1 1 . . . 1 . . . . . 2 1 27 4 . . 1 . . . . . 2 . Largest Group 20 | . . . 1 1 2 2 2 2 3 2 . . . . 2 1 20 18 11 5 1 . . . . . 1 . Highest-Rated Group 721 | . . . 99 10 36 36 36 35 129 35 . . . . 51 26 694 721 576 334 87 . . . . . 50 . Highest-Rated Ally 156 | . . . 99 10 26 26 26 26 94 26 . . . . 31 26 156 156 94 94 87 . . . . . 50 . Total Orders 25 | . . . . . . 2 2 . . . . . 2 1 . 2 . 9 3 2 2 . . . . . . . STAY 1 | . . . . . . 1 . . . . . . . . . . . . . . . . . . . . . . GOTO 15 | . . . . . . . 1 . . . . . 1 1 . 1 . 8 2 1 . . . . . . . . FOLLOW 7 | . . . . . . 1 1 . . . . . 1 . . 1 . 1 1 1 . . . . . . . . EXPLORE 2 | . . . . . . . . . . . . . . . . . . . . . 2 . . . . . . . Ally Attacks 324 | . . . 52 . . . . . 11 . . . . . 4 . 104 88 46 13 4 . . . . . 2 . Total Damage 9953 | . . . 1877 . . . . . 502 . . . . . 62 . 1935 2481 1597 1226 185 . . . . . 88 . Kills 93 | . . . 37 . . . . . 1 . . . . . . . 22 18 6 9 . . . . . . . . Allies Corrupted 1 | . . . . . . . . . . . . . . . . . . . . 1 . . . . . . . . Allies Melted . | . . . . . . . . . . . . . . . . . . . . . . . . . . . . . Intel | -11 -10 -9 -9 -8 -7 -7 -7 -7 -6 -6 -6 -6 -6 -6 -5 -5 -5 -5 -5 -5 -4 -4 -4 -4 -3 -3 -3 -3 ------- Run | Scr Mat Mat Sto Mat Fac Low Low Dat Pro Fac Low Low Zio Dee Pro Fac Ext Cet Arc Hub Fac Upp Upp War Pro Res Arm Lab Robot Analysis Total 1 | . . . . . . . . . . . . . . . . . 1 . . . . . . . . . . . Derelict Logs Recovered 11 | . . . . . . 1 . . . . 2 2 2 . 1 . . . . . . 2 1 . . . . . Drone Launches 5 | . . . . . . . . . . . . . 2 . . . . . . . 3 . . . . . . . Drone Recoveries . | . . . . . . . . . . . . . . . . . . . . . . . . . . . . . Exploration | -11 -10 -9 -9 -8 -7 -7 -7 -7 -6 -6 -6 -6 -6 -6 -5 -5 -5 -5 -5 -5 -4 -4 -4 -4 -3 -3 -3 -3 ------------- Run | Scr Mat Mat Sto Mat Fac Low Low Dat Pro Fac Low Low Zio Dee Pro Fac Ext Cet Arc Hub Fac Upp Upp War Pro Res Arm Lab Turns Passed 5183 | 4 41 57 452 49 173 175 154 25 160 454 258 145 281 128 559 235 532 242 76 91 160 117 37 174 43 80 268 13 Spaces Moved 9304 | 3 82 107 825 173 422 443 305 75 438 687 395 244 547 315 492 579 405 244 140 91 395 302 133 548 192 310 385 27 Core 323 | 3 82 107 127 . . . . . . . . . 3 . . . 1 . . . . . . . . . . . Treads . | . . . . . . . . . . . . . . . . . . . . . . . . . . . . . Legs . | . . . . . . . . . . . . . . . . . . . . . . . . . . . . . Wheels . | . . . . . . . . . . . . . . . . . . . . . . . . . . . . . Hover . | . . . . . . . . . . . . . . . . . . . . . . . . . . . . . Flight 8981 | . . . 698 173 422 443 305 75 438 687 395 244 544 315 492 579 404 244 140 91 395 302 133 548 192 310 385 27 Fastest Speed 19 | 50 50 50 26 26 26 26 26 26 26 26 26 26 26 26 26 26 26 26 26 26 26 26 26 21 21 19 19 19 Average Speed 26 | 50 50 50 29 26 26 26 26 26 26 26 26 26 26 26 26 26 26 26 26 26 26 26 26 25 21 19 24 19 Slowest Speed 100 | 50 50 50 50 26 26 26 26 26 26 26 26 26 100 26 26 26 100 26 26 26 26 26 26 26 21 21 90 19 Overloaded Moves . | . . . . . . . . . . . . . . . . . . . . . . . . . . . . . Propulsion Burnouts . | . . . . . . . . . . . . . . . . . . . . . . . . . . . . . Robots Hopped 23 | . . . 4 . . . . . . 6 . 1 . 1 . 2 4 . 1 . 2 . . . . 1 1 . Cave-ins Triggered . | . . . . . . . . . . . . . . . . . . . . . . . . . . . . . Exploration Rate (%) 50 | 2 23 17 87 28 19 62 56 69 70 24 68 48 84 66 81 20 69 73 99 14 19 55 45 89 43 18 42 69 Regions Visited 28 Branch Regions 20 Pre-discovered Areas 8 | . . . 1 . . . . 1 . . . 1 5 . . . . . . . . . . . . . . . Known Exits Taken 25 | . . . 1 1 1 1 1 1 1 1 1 1 1 1 1 1 1 1 1 1 1 1 1 1 1 1 1 . Unknown Exits Taken 3 | 1 1 1 . . . . . . . . . . . . . . . . . . . . . . . . . . Scrap Searched 22 | . . . . . . 2 1 . 1 . 6 . 4 . 4 . . . . . . 2 1 . 1 . . . Spaces Dug 199 | . . . . . 3 11 16 . 14 29 15 5 . 8 12 19 14 . . 2 16 6 1 5 . 5 17 1 Terrain Destroyed 199 | . . . . . 3 11 16 . 14 29 15 5 . 8 12 19 14 . . 2 16 6 1 5 . 5 17 1 Melee 199 | . . . . . 3 11 16 . 14 29 15 5 . 8 12 19 14 . . 2 16 6 1 5 . 5 17 1 Projectile . | . . . . . . . . . . . . . . . . . . . . . . . . . . . . . AOE . | . . . . . . . . . . . . . . . . . . . . . . . . . . . . . Actions | -11 -10 -9 -9 -8 -7 -7 -7 -7 -6 -6 -6 -6 -6 -6 -5 -5 -5 -5 -5 -5 -4 -4 -4 -4 -3 -3 -3 -3 --------- Run | Scr Mat Mat Sto Mat Fac Low Low Dat Pro Fac Low Low Zio Dee Pro Fac Ext Cet Arc Hub Fac Upp Upp War Pro Res Arm Lab Total 11655 | 5 81 109 1024 175 479 485 355 79 461 912 527 316 688 349 904 632 800 422 177 154 426 331 133 574 193 321 513 30 Wait 1682 | . . 3 180 . 49 32 30 5 7 184 113 69 108 15 360 15 183 151 35 62 11 17 . 1 1 . 51 . Move 9233 | 2 81 106 818 172 421 442 304 74 437 674 394 241 546 312 491 574 396 243 137 90 391 301 132 547 191 307 382 27 Hop 20 | . . . 2 . . . . . . 6 . 1 . 1 . 2 4 . 1 . 1 . . . . 1 1 . Pick Up 34 | . . . . . . . . . . 4 . . 13 2 1 4 3 3 . . 1 1 . . . 2 . . Fast Attach 53 | 1 . . 8 2 3 . 2 . 2 6 1 . 1 3 2 2 1 1 2 . 1 2 . 8 . 2 3 . Attach 22 | . . . . . . . . . . 2 . . 7 . 2 2 2 4 . . 1 1 . 1 . . . . Detach 10 | . . . . 1 . . 1 . . . 1 . . 2 . . . 3 . . . 1 . 1 . . . . Swap 14 | . . . . . 1 . . . . . . . . . 1 1 2 3 . . 1 . . 1 1 1 2 . Drop 66 | 2 . . 3 . 2 . 2 . 1 7 . . 12 6 3 4 4 2 2 . 2 2 . 6 . 3 2 1 Fire . | . . . . . . . . . . . . . . . . . . . . . . . . . . . . . Melee 213 | . . . . . 3 11 16 . 14 29 15 5 . 8 12 19 18 . . 2 16 6 1 5 . 5 26 2 Ram . | . . . . . . . . . . . . . . . . . . . . . . . . . . . . . Kick . | . . . . . . . . . . . . . . . . . . . . . . . . . . . . . Crush . | . . . . . . . . . . . . . . . . . . . . . . . . . . . . . Escape Stasis 36 | . . . . . . . . . . . . . . . . . 18 . . . . . . . . . 18 . Rewire 205 | . . . . . . . . . . . . . . . 32 9 136 . . . . . . . . . 28 . Trap . | . . . . . . . . . . . . . . . . . . . . . . . . . . . . . Miscellaneous 67 | . . . 13 . . . . . . . 3 . 1 . . . 33 12 . . 1 . . 4 . . . . Route ------- -11/Scrapyard -10/Materials -9/Materials -9/Storage -8/Materials -7/Factory (discovered 2 exits: *Low x2) -7/Lower Caves -7/Lower Caves (discovered 2 exits: *Fac / *Dat) -7/Data Miner -6/Proximity Caves -6/Factory (discovered 4 exits: *Fac x2 / *Low x2) -6/Lower Caves -6/Lower Caves -6/Zion (discovered 2 exits: *Dee / [Pro]) -6/Deep Caves -5/Proximity Caves -5/Factory (discovered 6 exits: *Fac x2 / Upp x2 / *Ext x2) -5/Extension (discovered 2 exits: *Fac / *Cet) -5/Cetus (discovered 2 exits: *Fac / *Arc) -5/Archives (discovered 3 exits: *Fac / *Hub x2) -5/Hub_04(d) (discovered 4 exits: *Fac x4) -4/Factory (discovered 3 exits: Res / *Upp x2) -4/Upper Caves -4/Upper Caves -4/Warlord -3/Proximity Caves -3/Research -3/Armory (discovered 3 exits: *Res x2 / *Lab) -3/Lab (discovered 1 exit: *Res) History --------- Turn | Location | Event 2 | -11/Scrapyard | Discovered new exit (range 2) 5 | -11/Scrapyard | Entered Materials 40 | -10/Materials | Discovered new exit (range 13) 46 | -10/Materials | Entered another Materials area 48 | -9/Materials | Reached level 2 85 | -9/Materials | Discovered new exit (range 16) 103 | -9/Materials | Entered Storage 167 | -9/Storage | Met 01-MTF 170 | -9/Storage | Upgraded with Propulsion slot (x3) 186 | -9/Storage | Reached level 3 202 | -9/Storage | Identified exit to Materials 228 | -9/Storage | Upgraded with Utility slot (x1) 269 | -9/Storage | Reached level 4 339 | -9/Storage | Reached level 5 470 | -9/Storage | Build established: Sprinter 478 | -9/Storage | Reached level 6 487 | -9/Storage | Garrison activated, responded to threat 555 | -9/Storage | Entered Materials 557 | -8/Materials | Reached level 7 588 | -8/Materials | Upgraded with Utility slot (x1) 592 | -8/Materials | Discovered new exit (range 5) 603 | -8/Materials | Identified exit to Factory 604 | -8/Materials | Entered Factory 604 | -7/Factory | Accompanied by 1 ally 606 | -7/Factory | Reached level 8 715 | -7/Factory | Identified exit to Lower Caves 773 | -7/Factory | Upgraded with Utility slot (x1) 777 | -7/Factory | Entered Lower Caves 777 | -7/Lower Caves | Accompanied by 2 allies 779 | -7/Lower Caves | Reached level 9 872 | -7/Lower Caves | Build established: Scout 876 | -7/Lower Caves | Learned Factory stockpile data 940 | -7/Lower Caves | Discovered new exit (range 10) 951 | -7/Lower Caves | Identified exit to Lower Caves 952 | -7/Lower Caves | Entered another Lower Caves area 952 | -7/Lower Caves | Accompanied by 2 allies 971 | -7/Lower Caves | Discovered new exit (range 6) 972 | -7/Lower Caves | Identified exit to Factory 1082 | -7/Lower Caves | Upgraded with Utility slot (x1) 1083 | -7/Lower Caves | Found Prototype Device 1083 | -7/Lower Caves | Identified Heart of Steel 1093 | -7/Lower Caves | Discovered new exit (range 12) 1096 | -7/Lower Caves | Identified exit to Data Miner 1106 | -7/Lower Caves | Entered Data Miner 1106 | -7/Data Miner | Accompanied by 2 allies 1106 | -7/Data Miner | Discovered new exit (range 6) 1108 | -7/Data Miner | Identified exit to Proximity Caves 1109 | -7/Data Miner | Met Data Miner 1118 | -7/Data Miner | Learned location of Section 7 (-2) 1118 | -7/Data Miner | Acquired the access code to Warlord's prototype stash 1120 | -7/Data Miner | Received God Mode back door access code from Data Miner 1131 | -7/Data Miner | Entered Proximity Caves 1131 | -6/Proximity Caves | Accompanied by 2 allies 1133 | -6/Proximity Caves | Reached level 10 1167 | -6/Proximity Caves | Spotted B-75 Beast 1169 | -6/Proximity Caves | Escorted by Enhanced Grunt 1271 | -6/Proximity Caves | Discovered exit to Factory (range 17) 1291 | -6/Proximity Caves | Entered Factory 1291 | -6/Factory | Accompanied by 2 allies 1293 | -6/Factory | Reached level 11 1305 | -6/Factory | Identified exit to Lower Caves 1469 | -6/Factory | Fabricated Exp. Terrain Scanner? 1535 | -6/Factory | Discovered new exit (range 6) 1536 | -6/Factory | Identified exit to Factory 1594 | -6/Factory | Local fabrication network quarantined 1662 | -6/Factory | Upgraded with Utility slot (x1) 1684 | -6/Factory | Upgraded with Utility slot (x1) 1732 | -6/Factory | Discovered exit to Factory (range 4) 1745 | -6/Factory | Entered Lower Caves 1747 | -6/Lower Caves | Reached level 12 1925 | -6/Lower Caves | Learned location of 1 exit from Factory 1927 | -6/Lower Caves | Learned Extension stockpile data 1927 | -6/Lower Caves | Learned Armory stockpile data 1927 | -6/Lower Caves | Learned Extension terminal intel 1985 | -6/Lower Caves | Learned 4 Factory zone layouts 2001 | -6/Lower Caves | Discovered new exit (range 13) 2003 | -6/Lower Caves | Identified exit to Lower Caves 2003 | -6/Lower Caves | Entered another Lower Caves area 2016 | -6/Lower Caves | Learned Factory terminal intel 2146 | -6/Lower Caves | Discovered new exit (range 10) 2148 | -6/Lower Caves | Identified exit to Zion 2148 | -6/Lower Caves | Entered Zion 2158 | -6/Zion | Learned location of Warlord (-4) 2161 | -6/Zion | Discovered new exit (range 18) 2166 | -6/Zion | System corruption cleaned by Quarantine Array 2191 | -6/Zion | Learned Factory garrison access intel 2193 | -6/Zion | Learned location of Quarantine (-2) 2207 | -6/Zion | Acquired unknown access codes intercepted by a Zionite 2220 | -6/Zion | Learned location of Extension (-5) 2251 | -6/Zion | Found Prototype Processor 2252 | -6/Zion | Found Prototype Hackware 2253 | -6/Zion | Found Prototype Processor 2297 | -6/Zion | Identified Exp. Target Analyzer 2310 | -6/Zion | Identified Exp. System Shield 2316 | -6/Zion | Identified Exp. Armor Integrity Analyzer 2394 | -6/Zion | Reached level 13 2398 | -6/Zion | Discovered new exit (range 26) 2416 | -6/Zion | Opened final containment barrier to the Deep Caves 2420 | -6/Zion | Saw the warning signs outside the Deep Caves entrance 2420 | -6/Zion | Identified exit to Deep Caves 2429 | -6/Zion | Entered Deep Caves 2429 | -6/Deep Caves | Accompanied by 2 allies 2476 | -6/Deep Caves | Z-Facility disabled 2490 | -6/Deep Caves | Attacked by Z-Imprinter 2499 | -6/Deep Caves | Found Prototype Protection 2499 | -6/Deep Caves | Identified Zio. Heavy Carapace 2501 | -6/Deep Caves | Found Zio. Heavy Carapace 2502 | -6/Deep Caves | Core integrity fell below 50% 2555 | -6/Deep Caves | Discovered new exit (range 6) 2556 | -6/Deep Caves | Identified exit to Proximity Caves 2557 | -6/Deep Caves | Entered Proximity Caves 2559 | -5/Proximity Caves | Reached level 14 2749 | -5/Proximity Caves | Learned Factory trap positions 3099 | -5/Proximity Caves | Attracted the attention of an 0b10 checkpoint 3110 | -5/Proximity Caves | Discovered exit to Factory (range 11) 3116 | -5/Proximity Caves | Entered Factory 3117 | -5/Factory | Identified exit to Factory 3117 | -5/Factory | Core integrity fell below 50% 3118 | -5/Factory | Reached level 15 3118 | -5/Factory | Upgraded with Utility slot (x1) 3119 | -5/Factory | Loaded intel: 100 trap records 3120 | -5/Factory | Loaded intel: 22 terminal locations 3121 | -5/Factory | Loaded intel: 4 garrison access locations 3152 | -5/Factory | Discovered new exit (range 28) 3177 | -5/Factory | Spotted B-75 Beast 3197 | -5/Factory | Upgraded with Utility slot (x1) 3256 | -5/Factory | Fabricated Exp. Transmission Jammer? 3259 | -5/Factory | Found Exp. Signal Interpreter 3342 | -5/Factory | Identified exit to Extension 3346 | -5/Factory | Identified exit to Upper Caves 3351 | -5/Factory | Entered Extension 3351 | -5/Extension | Accompanied by 1 ally 3353 | -5/Extension | Loaded intel: 16 terminal locations 3353 | -5/Extension | Reached level 16 3391 | -5/Extension | Core integrity fell below 20% 3449 | -5/Extension | Central database locked down 3465 | -5/Extension | Reached level 17 3541 | -5/Extension | Rescued a captive Derelict 3635 | -5/Extension | Rescued a captive Derelict 3636 | -5/Extension | Rescued a captive Derelict 3660 | -5/Extension | Rescued a captive Derelict 3661 | -5/Extension | Rescued a captive Derelict 3678 | -5/Extension | Reached level 18 3717 | -5/Extension | Rescued A7 3732 | -5/Extension | Rescued a captive Derelict 3765 | -5/Extension | Rescued a captive Derelict 3765 | -5/Extension | Rescued a captive Derelict 3785 | -5/Extension | Discovered exit to Factory (range 21) 3810 | -5/Extension | Discovered new exit (range 6) 3811 | -5/Extension | Identified exit to Cetus 3817 | -5/Extension | Upgraded with Utility slot (x1) 3875 | -5/Extension | Reached level 19 3883 | -5/Extension | Entered Cetus 3883 | -5/Cetus | Accompanied by 18 allies 3884 | -5/Cetus | Upgraded with Utility slot (x1) 3888 | -5/Cetus | Acquired a Cetus Manufacturing Module code from A7 3889 | -5/Cetus | Spotted Cetus Guard 3889 | -5/Cetus | Spotted Cetus Guard 3889 | -5/Cetus | Spotted Cetus Guard 3889 | -5/Cetus | Spotted Cetus Guard 3900 | -5/Cetus | Allies destroyed Cetus Guard 3904 | -5/Cetus | Allies destroyed Cetus Guard 3905 | -5/Cetus | Allies destroyed Cetus Guard 3911 | -5/Cetus | Reached level 20 3911 | -5/Cetus | Allies destroyed Cetus Guard 3950 | -5/Cetus | Started Cetus Manufacturing Module 3954 | -5/Cetus | Discovered new exit (range 24) 3963 | -5/Cetus | Spotted Cetus Guard 3963 | -5/Cetus | Spotted Cetus Guard 3963 | -5/Cetus | Spotted Cetus Guard 3963 | -5/Cetus | Spotted Cetus Guard 3969 | -5/Cetus | Discovered exit to Factory (range 25) 3975 | -5/Cetus | Manufactured an Enhanced Grunt 4000 | -5/Cetus | Manufactured an Enhanced Grunt 4025 | -5/Cetus | Manufactured an Enhanced Grunt 4039 | -5/Cetus | Extracted ID and sensor layout for unrecognized location from A7's data core 4050 | -5/Cetus | Manufactured an Enhanced Grunt 4063 | -5/Cetus | Cetus Manufacturing Module disabled 4066 | -5/Cetus | Reached level 21 4081 | -5/Cetus | Met Revision 17 4093 | -5/Cetus | Identified exit to Archives 4125 | -5/Cetus | Entered Archives 4125 | -5/Archives | Accompanied by 11 allies 4140 | -5/Archives | Discovered new exit (range 25) 4154 | -5/Archives | Discovered exit to Factory (range 14) 4162 | -5/Archives | Unable to access archive contents 4163 | -5/Archives | Discovered new exit (range 17) 4167 | -5/Archives | Identified exit to Hub_04(d) 4172 | -5/Archives | Unable to access archive contents 4175 | -5/Archives | Unable to access archive contents 4201 | -5/Archives | Entered Hub_04(d) 4201 | -5/Hub_04(d) | Accompanied by 5 allies 4203 | -5/Hub_04(d) | Reached level 22 4203 | -5/Hub_04(d) | Discovered exit to Factory (range 9) 4262 | -5/Hub_04(d) | Network Hub disabled 4292 | -5/Hub_04(d) | Entered Factory 4292 | -4/Factory | Accompanied by 1 ally 4293 | -4/Factory | Identified exit to Research 4294 | -4/Factory | Reached level 23 4335 | -4/Factory | Upgraded with Utility slot (x1) 4364 | -4/Factory | Identified exit to Upper Caves 4430 | -4/Factory | Spotted B-86 Titan 4433 | -4/Factory | Found Exp. System Shield 4452 | -4/Factory | Entered Upper Caves 4453 | -4/Upper Caves | Encountered a Warlord checkpoint 4504 | -4/Upper Caves | Learned Research emergency access door positions 4511 | -4/Upper Caves | Found Alien Artifact 4511 | -4/Upper Caves | Identified Core Expander 4511 | -4/Upper Caves | Installed Core Expander, added new Weapon slot 4540 | -4/Upper Caves | Learned 4 Research zone layouts 4563 | -4/Upper Caves | Discovered new exit (range 15) 4569 | -4/Upper Caves | Identified exit to Upper Caves 4569 | -4/Upper Caves | Entered another Upper Caves area 4571 | -4/Upper Caves | Reached level 24 4579 | -4/Upper Caves | Learned Research stockpile data 4580 | -4/Upper Caves | Attracted the attention of an 0b10 checkpoint 4601 | -4/Upper Caves | Discovered new exit (range 17) 4606 | -4/Upper Caves | Identified exit to Warlord 4606 | -4/Upper Caves | Entered Warlord 4700 | -4/Warlord | Visited the Vortex Lab 4704 | -4/Warlord | Warlord's base attacked by MAIN.C 4733 | -4/Warlord | Met Warlord 4735 | -4/Warlord | Opened Warlord's prototype stash 4737 | -4/Warlord | Found Prototype Device 4737 | -4/Warlord | Identified Exp. Phase Shifter 4743 | -4/Warlord | Upgraded with Power slot (x1) 4743 | -4/Warlord | Upgraded with Propulsion slot (x1) 4746 | -4/Warlord | Found Prototype Reactor 4746 | -4/Warlord | Identified Vortex Chain Reactor 4748 | -4/Warlord | Found Prototype Device 4748 | -4/Warlord | Identified Thermal Barrier 4773 | -4/Warlord | Discovered new exit (range 16) 4779 | -4/Warlord | Identified exit to Proximity Caves 4780 | -4/Warlord | Entered Proximity Caves 4782 | -3/Proximity Caves | Reached level 25 4822 | -3/Proximity Caves | Discovered exit to Research (range 5) 4823 | -3/Proximity Caves | Entered Research 4824 | -3/Research | Identified exit to Armory 4825 | -3/Research | Reached level 26 4831 | -3/Research | Upgraded with Propulsion slot (x1) 4852 | -3/Research | Spotted B-86 Titan 4871 | -3/Research | Found Exp. Melee Analysis Suite 4872 | -3/Research | Found Exp. Melee Analysis Suite 4903 | -3/Research | Entered Armory 4905 | -3/Armory | Reached level 27 4987 | -3/Armory | Discovered new exit (range 30) 5026 | -3/Armory | Build established: Hacker-Ninja 5061 | -3/Armory | Found Enh. Force Lance 5062 | -3/Armory | Upgraded with Weapon slot (x1) 5062 | -3/Armory | Found Enh. Force Lance 5064 | -3/Armory | Found Enh. Force Lance 5158 | -3/Armory | Discovered new exit (range 9) 5167 | -3/Armory | Discovered new exit (range 4) 5171 | -3/Armory | Identified exit to Lab 5171 | -3/Armory | Entered Lab 5171 | -3/Lab | Discovered new exit (range 9) 5173 | -3/Lab | Reached level 28 5173 | -3/Lab | Identified exit to Research 5174 | -3/Lab | Hidden lab's door opened automatically 5174 | -3/Lab | Sensor layout match revealed 5174 | -3/Lab | Unable to decrypt terminal 5175 | -3/Lab | Gained access to the hidden lab's interior 5181 | -3/Lab | Detected for breach 5184 | -3/Lab | Self-destructed Last Messages --------------- G-67 Veteran unfolds itself. Acquired 80 matter. Penetrated by Slug. EXIT=FOUND Critical hit. EXIT=FOUND EXIT=IDENTIFIED: LAB LOCATION=LAB GOAL=ESCAPE EXIT=FOUND Reached level 28! EXIT=IDENTIFIED: RESEARCH Upgraded: Mass Support (+5) AO_COM: WELCOME A7. Connecting with NO ENTRY... Dropped Zio. Heavy Carapace. Machine disabled. A0_COM: LAB BREACHED. Scanners sweep the area. [Achievement: Back For More] Map ----- +----------------------------------------------------+ | | | | | | | | | | | | | | | | | | | | | | | | | | | | | | | | | | | | | | | ??##??#???#?##??????#??????????###???#?????##?# | | ????#??##????????#??##???#?##?#?#?#??????#??##? | | ??#?????#???###########???#????#?###????#????#? | | #???????#?#??# """"""" #??????#?###?##?????#??? | | ????##?##?#??#"""""""""##?#???????????????????# | | #?????"""#####"!""!""!"#;###?####???????#??#??? | | ?" """""" """"""""""" @ #?####??????##???### | | "#??#??#?###???#???## | | " "##??????????#??#???? | | ! ""#?????#?????##??#?#? | | ?? " ""##?##?#??#?#?#####?# | | ? ? """ " !"##???##?#????#?#??#? | | ? ???##### ""#?????###??????????? | | ??? ?#??##"" ""##??#?????##??#?###? | | " ?"?#??#"" ""###?#?####??#?????#? | | ?? ?????#"" "########?????##????? | | ?? ??#?### A"""""##??##?????#?? | | ??? ?"""" ! ########??????#??#?? | | "?? ?""" #####<##########???? | | ? #???? | | ? #A##############?#?? | | ?? "###?###??????#?#??#? | | ?? """""""" "#?#??#?????????##?#? | | ? ? ""#####" "#?#???##?###???#?##? | | ??? ""##??#" "#???##??##??????#?#? | | ? ? ??#?#" "#???????###?#??####? | | ?A? ? ??##?#" "#????##?#??###??#??# | | ? ? ??????##?#" "#?#????#????#?#?#?#? | | ??? ? ????? ??"?""" ""????#??###????#???? | | ?? ??? ??????? ? ? ""??#???##?#?#?#???#? | | ???? ?? ????? ??? "???#?#??##???????#?# | +----------------------------------------------------+ Best States ------------- Heat Dissipation 55 Energy Generation 70 Energy Capacity 2700 Matter Stores 300 Matter Capacity 300 Sight Range 25 Robot Scan Range 22 Terrain Scan Range 30 Terrain Scan Density 310 Jamming Range 22 Cloak Strength 2 Armor Coverage 2400 Resistance: TH 50 Resistance: EM 15 Phase Shifting 20 Evasion (%) 98 Melee Accuracy 12 Defensive Hacking 32 Item Schematics ----------------- Combat Drone Bay | -7/Data Miner | Free Lgt. Regenerative Plating | -7/Data Miner | Free Exp. Terrain Scanner | -7/Data Miner | Free Tactical Coordination Suite | -7/Data Miner | Free Exp. Transmission Jammer | -7/Data Miner | Free Cloaking Device | -7/Data Miner | Free Mni. Smartbomb Launcher | -7/Data Miner | Free Kinetic Spear | -7/Data Miner | Free Fusion Bomb Launcher | -5/Extension | Hacked Robot Schematics ------------------ S-27 Virus | -7/Data Miner | Free G-50 Soldier | -7/Data Miner | Free G-67 Veteran | -7/Data Miner | Free L-41 Fighter | -7/Data Miner | Free X-72 Disruptor | -7/Data Miner | Free P-70 Sage | -7/Data Miner | Free I-36 Angel | -7/Data Miner | Free Fabricated ------------ Exp. Terrain Scanner | x1 | -6/Factory Exp. Transmission Jammer | x1 | -5/Factory Alien Tech Used ----------------- Core Expander Achievements -------------- Back For More Generalissimo We Are Legion Challenges ------------ None RPGLIKE | -11 -10 -9 -9 -8 -7 -7 -7 -7 -6 -6 -6 -6 -6 -6 -5 -5 -5 -5 -5 -5 -4 -4 -4 -4 -3 -3 -3 -3 --------- Run | Scr Mat Mat Sto Mat Fac Low Low Dat Pro Fac Low Low Zio Dee Pro Fac Ext Cet Arc Hub Fac Upp Upp War Pro Res Arm Lab Levels Raised 27 | . . 1 4 1 1 1 . . 1 1 1 . 1 . 1 1 4 2 . 1 1 . 1 . 1 1 1 1 XP Earned 44742 | 3000 100 1560 6573 1682 1685 500 500 650 1544 1695 500 500 650 1000 1446 1810 4784 3270 752 1119 1527 349 349 486 1813 2000 916 1982 XP Spent 42035 | . 1775 . 3800 1570 2000 . 2650 . 290 5160 1250 . . . . 4900 2900 3600 . . 4300 . . 3110 700 1830 1300 900 Upgrades 58 | . 12 . 7 5 4 . 3 . 2 6 1 . . . . 2 1 2 . . 2 . . 5 1 2 2 1 Power Slot 1 | . . . . . . . . . . . . . . . . . . . . . . . . 1 . . . . Propulsion Slot 5 | . . . 3 . . . . . . . . . . . . . . . . . . . . 1 . 1 . . Utility Slot 11 | . . . 1 1 1 . 1 . . 2 . . . . . 2 1 1 . . 1 . . . . . . . Weapon Slot 1 | . . . . . . . . . . . . . . . . . . . . . . . . . . . 1 . Heat Dissipation 5 | . . . 1 1 . . . . 1 . . . . . . . . . . . . . . 1 . 1 . . Energy Generation 3 | . . . 2 . . . . . . . . . . . . . . . . . 1 . . . . . . . Mass Support 9 | . . . . . 1 . . . 1 1 . . . . . . . 1 . . . . . 2 1 . 1 1 Inventory Capacity 5 | . . . . 1 . . 2 . . 1 1 . . . . . . . . . . . . . . . . . Sight Range 3 | . 1 . . 1 1 . . . . . . . . . . . . . . . . . . . . . . . Sensor Range 11 | . 10 . . . 1 . . . . . . . . . . . . . . . . . . . . . . . Terrain Scan Density 3 | . 1 . . . . . . . . 2 . . . . . . . . . . . . . . . . . . TH Resistance % 1 | . . . . 1 . . . . . . . . . . . . . . . . . . . . . . . . Protomatter Created . | . . . . . . . . . . . . . . . . . . . . . . . . . . . . . Integrity Restored 1313 | . . . 252 . . . . . . . 60 . . . . . 711 226 . . . . . 64 . . . . Core 1117 | . . . 252 . . . . . . . 60 . . . . . 629 141 . . . . . 35 . . . . Parts 196 | . . . . . . . . . . . . . . . . . 82 85 . . . . . 29 . . . . Protomatter Decayed 2025 | . . . 383 . . . . . . . 51 . . . 326 . 360 601 125 84 . . . 95 . . . . Game ------ Seed TargetTeslaHumpback Manual? 0 Play Time 04:07:37 Cumulative 134.3 hours Start 2019.12.15 @ 14:52:50 End 2019.12.16 @ 14:08:20 Sessions 9 Manual Loads 0 Difficulty Rogue Special Mode Winter2019/RPGLIKE Game No. 50 Rogue 50 Adventurer 0 Explorer 0 Win Type - Total 9 Types 2/0/2/5/0/0/0 Lore% 67 Gallery% 61 Achievement% 54 Wizard Run 0 Options --------- ASCII 0 Keyboard 0 Movement Mouse Keybinds 0 Fullscreen 1 Font 18/SmallcapsGlow Map View 76x50 Tactical HUD 1 Map Filters NONE Filters NONE Steam 0 RUN: 2af8f904-dfc4-4c30-b1ae-d5787976ef1b